 Dungeon Crawl Stone Soup version 0.30-a0-368-g86fb4627a9 (webtiles) character file.

Game seed: 8378615760371552879

6307 KennySheep the Destroyer (level 10, 0/52 HPs)
             Began as a Deep Elf Conjurer on Nov 19, 2022.
             Was a High Priest of Nemelex Xobeh.
             Slain by a hornet (11 damage)
             ... while paralysed by a hornet
             ... on level 9 of the Dungeon.
             The game lasted 00:37:10 (9662 turns).

KennySheep the Destroyer (Deep Elf Conjurer)        Turns: 9662, Time: 00:37:11

Health: 0/52       AC:  4    Str:  4      XL:     10   Next: 63%
Magic:  15/25      EV:  2    Int: 23 (28) God:    Nemelex Xobeh [*****.]
Gold:   202        SH:  0    Dex: 19      Spells: 10/27 levels left

rFire   . . .      SeeInvis .    o - +1 dagger (drain)
rCold   . . .      Faith    .    I - orb {*channel}
rNeg    + . .      Spirit   .    a - +0 robe
rPois   +          Reflect  .    (helmet restricted)
rElec   .          Harm     .    u - +0 cloak
rCorr   .          Rampage  .    (no gloves)
Will    +....      Clarity  +    m - +0 pair of boots
Stlth   ++........               (no amulet)
HPRegen 0.28/turn                J - ring "Nis Luymp" {Contam rPois rN+ Dex+6}
MPRegen 0.19/turn                (no ring)

@: paralysed, lethally poisoned (0 -> -8)
A: antennae 1, clarity
a: Renounce Religion, Draw Escape, Draw Destruction, Draw Summoning, Triple
Draw, Deal Four, Stack Five


You were on level 9 of the Dungeon.
You worshipped Nemelex Xobeh.
Nemelex Xobeh was extremely pleased with you.
You visited 1 branch of the dungeon, and saw 9 of its levels.

You collected 586 gold pieces.
You spent 384 gold pieces at shops.

Inventory:

Hand Weapons
 o - a +1 dagger of draining (weapon)
Missiles
 l - 2 throwing nets
Armour
 a - a +0 robe (worn)
 m - a +0 pair of boots (worn)
 u - a +0 cloak (worn)
 I - an orb of energy (worn)
Magical Staves
 t - a staff of air
 D - a staff of death
Jewellery
 c - a ring of ice
 J - the ring "Nis Luymp" (left hand) {Contam rPois rN+ Dex+6}
   (You found it on level 7 of the Dungeon)

   [ring of dexterity]

   Dex:       It affects your dexterity (+6).
   rPois:     It protects you from poison.
   rN:        It protects you from negative energy.
   Contam:    It causes magical contamination when unequipped.
Wands
 x - a wand of polymorph (4)
 y - a wand of flame (2)
 z - a wand of mindburst (17)
 A - a wand of digging (13)
 E - a wand of charming (12)
 L - a wand of iceblast (9)
 M - a wand of light (5)
Scrolls
 d - a scroll of fear
 e - 2 scrolls of noise
 g - 2 scrolls of amnesia
 h - 2 scrolls of blinking
 i - 9 scrolls of teleportation
 n - a scroll of silence
 r - a scroll of torment
 v - 2 scrolls of magic mapping
 B - a scroll of immolation
 F - a scroll of brand weapon {unknown}
 G - a scroll of enchant weapon
 K - a scroll of vulnerability {unknown}
Potions
 b - a potion of ambrosia {unknown}
 f - 2 potions of lignification {unknown}
 j - a potion of heal wounds
 k - 6 potions of curing
 p - 2 potions of mutation
 q - 2 potions of might
 s - 2 potions of haste
 w - a potion of cancellation
 C - a potion of flight
 H - 3 potions of invisibility
 N - a potion of brilliance


   Skills:
 + Level 1.2 Fighting
 + Level 5.2 Dodging
 - Level 2.4 Stealth
 + Level 9.0 Spellcasting
 + Level 9.9 Conjurations
 + Level 8.1 Hexes
 - Level 8.7 Translocations
 + Level 1.6 Invocations
 * Level 5.9 Evocations


You had 10 spell levels left.
You knew the following spells:

 Your Spells              Type           Power      Damage    Failure   Level
a - Magic Dart            Conj           100%       1d8       1%          1
b - Searing Ray           Conj           100%       2d8       1%          2
c - Iskenderun's Mystic   Conj/Tloc      52%        2d11      1%          4
d - Dazzling Flash        Conj/Hex       100%       N/A       1%          3
e - Tukima's Dance        Hex            47%        N/A       1%          3
f - Fulminant Prism       Conj/Hex       25%        3d14      1%          4

Your spell library contained the following spells:

 Spells                   Type           Power      Damage    Failure   Level
 Ensorcelled Hibernation  Hex/Ice        58%        N/A       1%          2
 Portal Projectile        Hex/Tloc       98%        N/A       1%          3
 Cause Fear               Hex            23%        N/A       2%          4
 Inner Flame              Hex/Fire       29%        N/A       3%          3
 Summon Guardian Golem    Hex/Summ       29%        N/A       3%          3
 Mephitic Cloud           Conj/Pois/Air  25%        N/A       4%          3
 Beastly Appendage        Tmut           20%        N/A       6%          1
 Summon Small Mammal      Summ           40%        N/A       6%          1
 Cigotuvi's Dreadful Rot  Necr/Pois/Air  20%        N/A       10%         2
 Passwall                 Tmut/Erth      8%         N/A       10%         2
 Poisonous Vapours        Pois/Air       20%        N/A       10%         2
 Wereblood                Tmut           10%        N/A       10%         2
 Call Canine Familiar     Summ           10%        N/A       19%         3
 Spider Form              Tmut/Pois      10%        N/A       19%         3
 Swiftness                Air            10%        N/A       19%         3
 Blade Hands              Tmut           5%         N/A       86%         5
 Discord                  Hex            23%        N/A       100%        8


Dungeon Overview and Level Annotations

Branches:
Dungeon (9/15)             Temple (0/1) D:4
   Lair: D:8-11         Orc: D:9-12

Altars:
Elyvilon
Hepliaklqana
Kikubaaqudgha
Makhleb
Nemelex Xobeh
Qazlal
Ru
Sif Muna
Vehumet
Yredelemnul
Lugonu

Shops:
D:1 [   D:6 *   D:7 (


Innate Abilities, Weirdness & Mutations

You have a pair of small antennae on your head.
You possess an exceptional clarity of mind.


Message History

The orc priest invokes the aid of Beogh against you.
Beogh smites you!
An orc comes into view. It is wielding a +0 war axe.
A centaur zombie comes into view.
Casting: Iskenderun's Mystic Blast (dangerous; 1% risk of failure)
Confirm with . or Enter, or press ? or * to list all spells.
You erupt in a blast of force!
The mystic blast hits the killer bee!
The killer bee is almost dead.
The killer bee is knocked back by the mystic blast.
The killer bee collides with the orc!
You kill the orc!
You kill the killer bee!
The mystic blast hits the hornet!
The hornet is moderately wounded.
The hornet is knocked back by the mystic blast.
The hornet collides with the yak!
The yak is moderately wounded.
The hornet is severely wounded.
The mystic blast hits the killer bee!
You kill the killer bee!
The mystic blast hits the killer bee.
The killer bee is heavily wounded.
The killer bee is knocked back by the mystic blast.
You lack the skill to channel this much energy!
Weird images run through your mind.
You feel dopey.
You hear a shout!
Your Spellcasting skill increases to level 9!
The killer bee misses you.
The killer bee stings you but does no damage.
The hornet stings you!
You suddenly lose the ability to move!
The killer bee stings you but does no damage.
The hornet stings you.
* * * LOW HITPOINT WARNING * * *
The killer bee stings you but does no damage.
The killer bee stings you.
* * * LOW HITPOINT WARNING * * *
You are poisoned.
The killer bee poisons you! The hornet stings you!
You die...
Your body disappears without a glow.

#........
.######........
...............
.......).......
#.#..>†.......
#....)........
#...Zyo.<....
#....@o.>..<.
#..Yy..o.....
.....c##.......
...... .......
###.# .......
#.. ....... ...
#...... ..
......


You could see a yak, a hornet, a centaur, a killer bee, an orc priest, 2 orcs
and a centaur zombie.

Vanquished Creatures
  2 two-headed ogres
  3 ugly things (D:7)
  Psyche (D:8)
  A water moccasin (D:7)
  An acid dragon (D:8)
  4 black bears
  An orc warrior (D:6)
  4 sky beasts
  3 ice beasts
  3 phantoms
  A kobold brigand (D:8)
  3 bullfrogs
  3 necrophages
  4 scorpions
  3 wights (D:8)
  2 killer bees (D:9)
  7 hounds
  A jelly (D:4)
  4 orc priests
  4 iguanas
  8 orc wizards
  5 small abominations (D:7)
  13 gnolls
  6 adders
  4 white imps
  2 ufetubi
  3 worms
  A dart slug (D:4)
  25 orcs
  7 endoplasms
  3 giant cockroaches
  10 goblins
  6 hobgoblins
  8 jackals
  16 kobolds
  3 quokkas
  4 ball pythons
  3 bats
  3 frilled lizards
  8 rats
193 creatures vanquished.

Vanquished Creatures (others)
  A fulminant prism (D:8)
1 creature vanquished.

Grand Total: 194 creatures vanquished

Notes
Turn   | Place    | Note
-------+----------+-------------------------------------------
     0 | D:1      | KennySheep the Deep Elf Conjurer began the quest for the
                  | Orb.
     0 | D:1      | Reached XP level 1. HP: 10/10 MP: 6/6
   135 | D:1      | Reached skill level 1 in Translocations
   137 | D:1      | Reached XP level 2. HP: 15/15 MP: 4/8
   140 | D:1      | Learned a level 2 spell: Searing Ray
   266 | D:1      | Found a faded altar of an unknown god.
   272 | D:1      | Prayed at the altar of an unknown god.
   272 | D:1      | Became a worshipper of Nemelex Xobeh the Trickster
   272 | D:1      | Reached * piety under Nemelex Xobeh
   272 | D:1      | Received a gift from Nemelex Xobeh
   349 | D:1      | Found Xisadgh's Armour Boutique.
   742 | D:1      | Reached XP level 3. HP: 19/19 MP: 6/9
   746 | D:1      | Learned a level 3 spell: Dazzling Flash
  1748 | D:2      | Reached skill level 5 in Conjurations
  2077 | D:3      | Reached skill level 1 in Hexes
  2194 | D:3      | Reached ** piety under Nemelex Xobeh
  2211 | D:3      | Reached XP level 4. HP: 24/24 MP: 9/11
  2263 | D:3      | Reached XP level 5. HP: 22/28 MP: 4/12
  2285 | D:3      | Learned a level 4 spell: Iskenderun's Mystic Blast
  2494 | D:3      | Received a gift from Nemelex Xobeh
  3046 | D:3      | Noticed a phantom
  3052 | D:3      | Killed a phantom
  3053 | D:3      | Reached XP level 6. HP: 28/32 MP: 4/14
  3471 | D:4      | Found a staircase to the Ecumenical Temple.
  3949 | D:4      | Reached XP level 7. HP: 36/36 MP: 10/16
  4065 | D:4      | Reached skill level 5 in Spellcasting
  4069 | D:4      | Gained mutation: You possess an exceptional clarity of
                  | mind. [potion of mutation]
  4069 | D:4      | Gained mutation: You have a pair of small antennae on your
                  | head. [potion of mutation]
  4339 | D:4      | Found a stormy altar of Qazlal.
  4345 | D:4      | Reached skill level 5 in Translocations
  4346 | D:4      | Reached *** piety under Nemelex Xobeh
  4665 | D:5      | Entered Level 5 of the Dungeon
  4887 | D:5      | Found a burning altar of Makhleb.
  4969 | D:5      | Found a white marble altar of Elyvilon.
  4972 | D:5      | Reached XP level 8. HP: 29/41 MP: 2/18
  5078 | D:5      | Learned a level 3 spell: Tukima's Dance
  5368 | D:5      | Found a hazy altar of Hepliaklqana.
  5518 | D:5      | Found a basalt altar of Yredelemnul.
  5724 | D:5      | Received a gift from Nemelex Xobeh
  5726 | D:5      | Found a radiant altar of Vehumet.
  5733 | D:5      | Found an ancient bone altar of Kikubaaqudgha.
  5741 | D:5      | Found a shimmering blue altar of Sif Muna.
  5971 | D:5      | Reached skill level 5 in Hexes
  6945 | D:6      | Found Idewnafa's Assorted Antiques.
  6951 | D:6      | Reached XP level 9. HP: 36/45 MP: 15/21
  6958 | D:6      | Bought a scroll labelled REOMETH ASKEIV for 26 gold pieces
  6958 | D:6      | Bought a sedimented ruby potion for 23 gold pieces
  6958 | D:6      | Bought a lumpy ruby potion for 23 gold pieces
  7300 | D:6      | Reached **** piety under Nemelex Xobeh
  7404 | D:7      | Received a gift from Nemelex Xobeh
  7475 | D:7      | Found Tengodi's Antique Weapon Shop.
  7497 | D:7      | Found a transporter.
  7524 | D:6      | Bought a glowing orb for 312 gold pieces
  7558 | D:7      | Found a corrupted altar of Lugonu.
  7718 | D:7      | Reached skill level 1 in Evocations
  7785 | D:7      | Noticed a cyan ugly thing
  7788 | D:7      | Noticed a purple ugly thing
  7789 | D:7      | Noticed a purple ugly thing
  7852 | D:7      | Found a sacrificial altar of Ru.
  8010 | D:7      | Noticed a two-headed ogre
  8019 | D:7      | Killed a two-headed ogre
  8565 | D:7      | Found a transporter.
  8569 | D:7      | Killed a purple ugly thing
  8570 | D:7      | Reached XP level 10. HP: 50/50 MP: 16/24
  8572 | D:7      | Killed a purple ugly thing
  8576 | D:7      | Killed a cyan ugly thing
  8675 | D:7      | Identified the ring "Nis Luymp" {Contam rPois rN+ Dex+6}
  8700 | D:7      | Learned a level 4 spell: Fulminant Prism
  8762 | D:8      | Reached skill level 5 in Evocations
  9098 | D:8      | Noticed a two-headed ogre
  9111 | D:8      | Killed a two-headed ogre
  9112 | D:8      | Reached skill level 5 in Dodging
  9112 | D:8      | Reached skill level 1 in Invocations
  9117 | D:8      | Reached ***** piety under Nemelex Xobeh
  9197 | D:8      | Received a gift from Nemelex Xobeh
  9248 | D:8      | Noticed Psyche
  9256 | D:8      | Killed Psyche
  9257 | D:8      | Reached skill level 1 in Fighting
  9660 | D:9      | Paralysed by a hornet for 3 turns
  9662 | D:9      | Slain by a hornet

Illustrated notes

Levels and vault maps discovered:
D:1:      giann_forest_graveyard, layout_basic, serial_shops, shop,
          chequers_ecumenical_altar_simple_redux, nrook_loot_triangle,
          minmay_misc_feat_hallway
D:2:      layout_loops_corners
D:3:      layout_loops_ring, minmay_quantized
D:4:      layout_cave_pools, mainiacjoe_overflow_paths,
          minmay_temple_entry_butterflies, kennysheep_nub, minmay_diced_spiral
D:5:      layout_basic, palyth_temple_overflow_mages,
          nicolae_overflow_crystal_walls, mainiacjoe_overflow_six_doors_small,
          mainiacjoe_overflow_big_doors, kennysheep_dice
D:6:      layout_rooms, serial_shops, nicolae_shop_hallway_stairs
D:7:      gammafunk_corrupted_shrine, layout_gridville, nicolae_ru_awakened_eye,
          serial_shops, nicolae_shop_waterfront,
          hangedman_abyss_or_decor_jellyfish_corner
D:8:      layout_cave_pools, serial_column_ruins, column_ruins_corridor_corner,
          column_ruins_grid_1, column_ruins_grid_3, column_ruins_columns_corner,
          column_ruins_columns_corner, column_ruins_grid_1,
          column_ruins_open_tiny, nicolae_sextant, uniq_psyche
D:9:      layout_rooms, grunt_temple_overflow_open, lair_entry_dummy,
          david_orc_2, serial_undead, serial_undead_c, serial_undead_e,
          serial_undead_c, serial_undead_e, minmay_misc_feat_nine_boxes

Skill      XL: |  1  2  3  4  5  6  7  8  9 10 |
---------------+-------------------------------+-----
Translocations | 1 2 3 4 5 7 8 |  8.7
Conjurations   | 5 6 7 8 9 |  9.9
Hexes          | 1 2 3 4 5 7 8 |  8.1
Spellcasting   | 4 5 6 8 9 |  9.0
Evocations     | 4 5 |  5.9
Dodging        | 4 5 |  5.2
Invocations    | 1 |  1.6
Fighting       | 1 |  1.2
Stealth        | |  2.4

Action                   |  1- 3 |  4- 6 |  7- 9 | 10-12 || total
-------------------------+-------+-------+-------+-------++-------
Melee: Dagger            |       |     6 |    23 |    10 ||    39
 Cast: Magic Dart        |    72 |    93 |    89 |    35 ||   289
       Searing Ray       |     1 |     9 |    17 |     5 ||    32
       Iskenderun's Myst |       |     3 |    50 |    15 ||    68
       Dazzling Flash    |       |       |     2 |       ||     2
       Fulminant Prism   |       |       |       |     1 ||     1
Invok: Draw Destruction  |       |     1 |       |       ||     1
       Draw Escape       |       |       |       |     1 ||     1
  Use: Potion            |       |     1 |     7 |     1 ||     9
       Scroll            |       |       |    11 |       ||    11
 Stab: Invisible         |       |       |     1 |       ||     1
Armor: Robe              |       |     5 |    19 |     5 ||    29
Dodge: Dodged            |     1 |    10 |    55 |    12 ||    78

Table legend: (Time is in decaauts)
 A = Elapsed time spent in this place.
 B = Non-inter-level travel time spent in this place.
 C = Inter-level travel time spent in this place.
 D = Time resting spent in this place.
 E = Time spent auto-exploring this place.
 F = Levels seen in this place.
 G = Mean time per level.
                   A        B        C        D        E       F      G
               +--------+--------+--------+--------+--------+-----+--------+
         Total |   9644 |   9355 |    289 |   1497 |   6752 |   9 | 1071.6 |
       Dungeon |   9644 |   9355 |    289 |   1497 |   6752 |   9 | 1071.6 |
               +--------+--------+--------+--------+--------+-----+--------+

Top non-repeatable levels by time:
     D:5: 1708 daAuts
     D:7: 1411 daAuts
     D:3: 1359 daAuts
     D:4: 1348 daAuts
     D:1: 1153 daAuts
     D:2: 922 daAuts
     D:6: 895 daAuts
     D:8: 836 daAuts
     D:9: 8 daAuts
